Map: [ESL] Hecate

Players

Vindicta

  • Race: Terran Terran
  • Spawn Location: 1:00

Elazer - Winner!

  • Race: Zerg Zerg
  • Spawn Location: 7:00

Event: ESL SC2 Masters 2023 Winter (Finals)

VOD

Have the link to the VOD?

Description

Time

  • Played on: Dec. 15, 2023, 2:36 p.m.
  • Length: 31:19

All games in this series

Show
View Real Time Build Order
Export as new Build Order

Vindicta Terran 

Build Orders: Reaper Expand, Hellion Banshee 

Get SALT Encoding   

  12  0:00  SCV  
  13  0:12  SCV  
  14  0:17  Supply Depot  
  14  0:24  SCV  
  15  0:38  SCV  
  15  0:40  Barracks  
  15  0:42  Refinery  
  16  0:50  SCV  
  17  1:02  SCV  
  18  1:15  SCV  
  19  1:27  Orbital Command, Reaper  
  20  1:39  Command Center  
  20  1:47  Supply Depot  
  20  1:54  SCV  
  21  1:59  Marine  
  22  2:06  SCV  
  22  2:08  Factory  
  23  2:18  SCV  
  23  2:19  Barracks Reactor  
  24  2:30  SCV  
  25  2:42  SCV  
  25  2:43  Command Center  
  26  2:51  Orbital Command  
  26  2:54  SCV  
  27  3:00  Starport  
  27  3:06  SCV  
  27  3:10  Refinery  
  30  3:16  SCV  
  30  3:18  SCV  
  30  3:19  Hellion  
  32  3:20  Hellion  
  32  3:23  Barracks Tech Lab  
  34  3:28  SCV  
  34  3:30  SCV  
  36  3:40  Hellion, SCV  
  39  3:42  Hellion  
  39  3:43  SCV  
  39  3:48  Banshee  
  42  3:52  SCV  
  42  3:55  SCV  
  47  3:57  Cloaking Field  
  47  3:58  Orbital Command  
  47  4:02  Barracks Tech Lab  
  47  4:04  SCV  
  47  4:07  Hellion, SCV  
  47  4:09  Hellion  
  53  4:16  SCV  
  54  4:19  SCV  
  54  4:24  Orbital Command  
  55  4:27  Supply Depot  
  55  4:28  Supply Depot  
  55  4:29  SCV  
  55  4:31  Banshee, SCV  
  60  4:41  SCV  
  60  4:42  Stimpack  
  60  4:44  Barracks  
  61  4:47  Barracks  
  61  4:49  SCV  
  61  4:51  Supply Depot  
  61  4:52  Supply Depot, Refinery  
  62  4:53  SCV, Refinery  
  62  4:54  SCV  
  64  5:01  SCV  
  64  5:02  Engineering Bay x2  
  64  5:05  SCV  
  64  5:06  SCV  
  67  5:08  Factory Reactor  
  67  5:13  SCV  
  68  5:17  SCV  
  68  5:18  SCV  
  70  5:23  Supply Depot  
  70  5:24  Supply Depot  
  70  5:25  SCV, Marine  
  70  5:26  Starport Reactor  
  70  5:28  Supply Depot  
  72  5:29  SCV  
  72  5:31  Terran Infantry Weapons Level 1, Terran Infantry Armor Level 1  
  72  5:32  SCV  
  74  5:38  Marine x2  
  74  5:41  SCV x2  
  78  5:42  Marine  
  78  5:49  SCV  
  80  5:51  Barracks x2  
  80  5:53  Siege Tank, Marine x2  
  80  5:55  Marine  
  80  5:56  Marine  
  87  5:57  Supply Depot, SCV x2  
  87  6:01  SCV  
  87  6:03  Supply Depot  
  90  6:06  Medivac x2  
  90  6:07  Refinery  
  90  6:09  SCV  
  90  6:10  SCV  
  90  6:11  Marine x2  
  97  6:18  Marine x3  
  100  6:23  Combat Shield, SCV  
  99  6:27  Armory  
  99  6:29  Supply Depot, Marine x2  
  99  6:30  Supply Depot x2  
  99  6:31  Siege Tank, SCV  
  105  6:35  Marine  
  105  6:36  Marine  
  105  6:37  Marine  
  105  6:39  Medivac  
  110  6:41  Barracks Reactor, SCV  
  110  6:44  Barracks Reactor  
  110  6:45  SCV x2  
  113  6:47  Marine  
  113  6:52  Medivac  
  113  6:53  Marine, SCV  
  119  6:57  Marine, SCV  
  119  6:58  Command Center  
  120  7:02  Marine  
  120  7:04  Factory  
  120  7:05  Marine, SCV  
  123  7:11  Siege Tank  
  123  7:15  Marine, Supply Depot  
  124  7:17  Marine  
  124  7:18  SCV x2  
  124  7:20  Marine x2  
  124  7:21  Medivac  
  131  7:28  Terran Infantry Weapons Level 2  
  131  7:29  Marine, Refinery  
  129  7:31  Marine, Supply Depot  
  129  7:32  Supply Depot, SCV  
  130  7:41  Terran Infantry Armor Level 2  
  128  7:44  Marine x2  
  130  7:53  SCV, Marine  
  130  7:54  SCV, Marine  
  130  7:55  Barracks  
  130  7:56  Marine  
  130  7:57  Barracks, Marine  
  130  7:58  Barracks  
  137  8:01  Widow Mine x3  
  137  8:03  Drilling Claws  
  137  8:04  Marine  
  137  8:05  Marine, SCV  
  144  8:06  SCV  
  144  8:07  Marine  
  144  8:09  Marine  
  144  8:10  Marine  
  149  8:15  Marine  
  149  8:16  Marine x2  
  149  8:17  SCV  
  143  8:20  Medivac  
  143  8:21  Medivac  
  143  8:22  Marine  
  143  8:23  Marine  
  143  8:26  SCV  
  151  8:27  Marauder  
  151  8:32  Marine  
  145  8:35  Terran Vehicle Weapons Level 1  
  145  8:36  Barracks Tech Lab, Marine  
  145  8:38  Marine x2  
  145  8:39  Marine  
  145  8:41  Marine  
  146  8:43  Barracks Tech Lab  
  146  8:45  Planetary Fortress  
  146  8:47  Widow Mine  
  146  8:48  Barracks Tech Lab x2  
  148  8:49  Marauder  
  148  8:50  Marine  
  151  8:55  Supply Depot  
  151  8:56  Supply Depot  
  151  8:57  Marine  
  151  8:58  Medivac x2  
  160  9:09  Sensor Tower, Supply Depot  
  158  9:11  Marauder x4, Refinery  
  158  9:12  Marine, SCV, Refinery  
  158  9:15  Widow Mine  
  165  9:20  Widow Mine  
  165  9:28  Siege Tank  
  165  9:29  SCV  
  165  9:30  SCV, Ghost Academy  
  168  9:35  Marauder  
  168  9:36  Widow Mine  
  172  9:38  Sensor Tower  
  172  9:39  Command Center, Marauder  
  172  9:42  Widow Mine  
  182  9:46  Terran Infantry Weapons Level 3  
  182  9:52  Marauder x2, SCV  
  181  9:57  Marauder, Marine x2  
  181  9:58  Marine, Widow Mine  
  187  10:00  Widow Mine  
  187  10:01  Terran Infantry Armor Level 3  
  187  10:04  Widow Mine  
  187  10:05  Marauder  
  191  10:08  Medivac  
  191  10:09  Marine x2  
  191  10:10  Marine  
  191  10:14  Marauder  
  200  10:19  Widow Mine  
  200  10:38  Marauder  
  200  10:41  Marauder  
  200  10:42  Marauder, Marine x2  
  198  10:43  Marauder  
  198  10:46  Marauder  
  194  10:55  Reaper  
  195  10:59  Ghost  
  195  11:02  Marine  
  195  11:03  Marauder  
  185  11:04  Marine x3, Marauder x2  
  185  11:05  Marine  
  185  11:08  Marauder  
  187  11:14  Widow Mine x2  
  187  11:17  Fusion Core  
  187  11:18  Starport  
  189  11:19  Marine  
  189  11:22  Marine x4  
  189  11:24  Widow Mine, Marauder  
  200  11:25  Liberator, Marauder  
  200  11:28  Terran Vehicle Weapons Level 2  
  200  11:29  Personal Cloaking  
  200  11:33  Barracks  
  200  11:40  Missile Turret  
  200  11:47  Marauder  
  200  11:49  Planetary Fortress, Ghost  
  200  11:51  Sensor Tower  
  200  11:52  Refinery  
  191  12:03  Widow Mine  
  174  12:11  Marine, Marauder  
  174  12:13  Widow Mine  
  174  12:14  Widow Mine  
  162  12:16  SCV  
  162  12:17  Marine x5  
  162  12:18  Marauder x4  
  165  12:24  Liberator x2, Widow Mine  
  165  12:25  Liberator, Advanced Ballistics  
  165  12:28  SCV  
  165  12:29  Marine  
  173  12:32  SCV, Marauder  
  173  12:33  SCV x2  
  173  12:35  Marine x5, Widow Mine x2  
  185  12:39  Marauder  
  185  12:40  SCV  
  190  12:44  SCV  
  190  12:45  SCV x2  
  190  12:46  Widow Mine  
  190  12:49  Marauder, Marine  
  191  12:52  SCV  
  191  12:56  Widow Mine  
  191  12:57  Widow Mine  
  196  12:59  SCV  
  196  13:01  Barracks Tech Lab, SCV  
  196  13:02  Neosteel Armor  
  196  13:03  Supply Depot  
  200  13:07  Widow Mine  
  200  13:08  Command Center  
  199  13:20  SCV  
  199  13:25  Command Center  
  199  13:26  Starport Reactor  
  200  13:32  Barracks Tech Lab  
  200  13:34  Hi-Sec Auto Tracking, Refinery  
  200  13:36  Supply Depot  
  200  13:45  Liberator  
  200  13:51  Ghost  
  195  13:56  Liberator  
  195  14:03  Marauder x2  
  196  14:12  Terran Vehicle And Ship Armor Level 1, Nuke  
  196  14:15  Liberator  
  199  14:23  Liberator  
  194  14:28  Liberator, Marauder x2  
  198  14:34  Marauder x2  
  200  14:41  Planetary Fortress  
  186  15:08  Liberator  
  184  15:16  Liberator  
  184  15:18  Marauder  
  184  15:21  Liberator  
  189  15:22  Liberator, Marauder  
  189  15:24  Marauder  
  189  15:27  Marine  
  200  15:34  Engineering Bay  
  200  15:38  Engineering Bay  
  200  15:39  Marauder  
  200  15:42  Marine  
  200  15:56  Refinery x2  
  200  16:07  Nuke  
  200  16:11  Liberator  
  192  16:26  Liberator  
  192  16:28  Ghost x2  
  192  16:30  Ghost  
  192  16:31  Liberator  
  192  16:32  Marine x3  
  196  16:33  Marauder x2  
  199  16:41  Liberator  
  199  16:46  Missile Turret  
  200  16:48  Missile Turret, SCV  
  200  16:51  Missile Turret  
  200  16:52  Marauder  
  200  16:54  Liberator  
  197  16:58  SCV  
  199  17:10  SCV  
  199  17:11  Ghost  
  199  17:18  Ghost  
  199  17:22  Ghost  
  196  17:25  Ghost  
  196  17:29  SCV x2  
  197  17:30  SCV  
  197  17:34  Marauder x2  
  197  17:35  Liberator  
  194  17:38  Liberator  
  194  17:39  Marine x2  
  191  17:47  Marauder  
  191  17:48  Ghost  
  193  17:52  SCV, Marauder  
  193  17:53  Liberator, Ghost  
  193  17:56  Marauder x2  
  197  18:00  Orbital Command  
  197  18:01  Liberator  
  197  18:03  Orbital Command  
  197  18:05  SCV x2  
  192  18:08  Marauder  
  192  18:12  Siege Tank, Widow Mine x2  
  198  18:13  Marauder  
  200  18:22  Marauder  
  200  18:35  Planetary Fortress  
  170  18:42  Marauder  
  170  18:44  Nuke  
  170  18:45  Marauder  
  170  18:48  Marauder, Marine x2  
  174  18:56  Marine  
  174  18:57  SCV, Refinery  
  174  18:58  Refinery  
  174  19:01  SCV  
  177  19:11  Ghost  
  177  19:12  Ghost x2  
  177  19:13  Marine x4  
  177  19:15  Marauder, Marine x2  
  182  19:18  Missile Turret  
  182  19:21  Ghost  
  182  19:26  Widow Mine  
  179  19:36  Ghost  
  181  19:41  Marauder x2, Marine x2  
  181  19:43  Ghost  
  181  19:45  Widow Mine  
  171  19:49  Marine  
  171  19:50  Marine  
  171  19:51  Marauder  
  171  19:52  SCV  
  171  19:53  Barracks  
  171  19:54  Barracks, Ghost, Marine x2  
  171  19:58  Orbital Command  
  171  19:59  Marine x2  
  174  20:01  Siege Tank  
  174  20:02  Ghost, Widow Mine  
  174  20:03  Marauder  
  174  20:05  Marauder  
  185  20:12  Marauder  
  185  20:13  Marauder  
  187  20:16  Viking  
  189  20:22  Missile Turret  
  189  20:23  Marauder, Nuke  
  189  20:24  Terran Ship Weapons Level 1, Marauder  
  193  20:30  Ghost  
  193  20:35  Marauder x2  
  195  20:38  Marauder  
  197  20:45  Marauder  
  197  20:46  Widow Mine, Marauder  
  197  20:47  Widow Mine  
  198  20:53  Orbital Command  
  198  20:54  Marine x2  
  198  20:56  Marauder  
  186  21:06  Ghost x2  
  186  21:07  Ghost x2, Marine x4  
  174  21:12  Medivac, Marine x2  
  174  21:15  Barracks Tech Lab x2  
  174  21:17  Ghost  
  174  21:23  Medivac x2  
  174  21:24  Marine x2  
  174  21:25  Marine x2  
  182  21:30  Marine x2  
  157  21:35  Marauder, Marine x2  
  157  21:36  Orbital Command, Marauder x3  
  142  21:42  Marine x4  
  142  21:43  SCV x3  
  142  21:46  Marauder, Medivac  
  151  21:48  Marine x2  
  151  21:53  Medivac  
  151  21:54  Marauder x2  
  159  21:57  Marine, Marauder x3  
  159  22:00  Marine x4  
  159  22:01  Missile Turret  
  170  22:03  Supply Depot x2  
  170  22:04  Supply Depot x2  
  170  22:07  Supply Depot  
  170  22:08  Supply Depot  
  170  22:09  Supply Depot  
  170  22:18  Medivac, Marine  
  170  22:24  Liberator, Marauder, Marine x3  
  170  22:25  Liberator, Marine x3, Marauder x4  
  170  22:26  Marauder, Medivac  
  196  22:31  Missile Turret  
  196  22:36  Marine  
  171  22:42  Marauder, Marine x2  
  171  22:43  Marine x3  
  155  22:46  Widow Mine x2, Marauder  
  155  22:47  Marauder x4  
  155  22:48  Liberator, Marauder  
  169  22:54  Marine, Widow Mine  
  169  22:55  SCV  
  169  22:56  Liberator  
  169  22:57  Orbital Command  
  176  22:59  Marine x2, SCV  
  176  23:01  Marine, SCV  
  176  23:02  Missile Turret  
  176  23:04  SCV, Marauder  
  182  23:07  Liberator, Widow Mine, Marauder  
  182  23:08  Marauder x4, Widow Mine  
  195  23:15  Widow Mine, Marauder  
  199  23:29  Widow Mine, Marauder  
  197  23:46  Marauder x5  
  189  23:50  Marauder x2  
  178  23:56  Orbital Command  
  150  24:07  Marauder x5  
  142  24:10  Marine  
  142  24:11  Marauder x2, Widow Mine  
  142  24:14  Marine  
  137  24:19  SCV x3  
  137  24:20  SCV  
  137  24:21  SCV  
  137  24:23  Medivac x3  
  137  24:24  Widow Mine x2  
  137  24:25  Marine x3  
  137  24:28  Marauder x2  
  137  24:29  Marauder x3  
  152  24:31  SCV  
  152  24:32  Widow Mine  
  152  24:33  Marauder x2  
  158  24:41  Missile Turret  
  153  24:49  Ghost x5  
  156  24:52  Medivac  
  156  24:54  Hellion  
  156  24:56  Marauder  
  162  25:05  Liberator x2  
  159  25:18  Liberator, Marauder x3  
  159  25:21  Marine x2  
  141  25:37  Marauder  
  142  25:44  Marauder  
  132  25:51  Marauder x2, Marine x4  
  132  25:54  Orbital Command  
  132  25:55  SCV x2  
  136  26:03  Widow Mine  
  133  26:07  Marauder  
  133  26:10  Hellion  
  139  26:21  Hellion  
  139  26:22  Hellion, Infernal Pre-Igniter  
  139  26:25  Hellion  
  141  26:28  Missile Turret  
  139  26:33  SCV  
  139  26:34  Missile Turret  
  140  26:42  Hellion  
  142  26:47  Hellion x2  
  146  27:04  Hellion x4, SCV  
  143  27:09  Hellion x2  
  143  27:13  Marauder x3  
  148  27:22  Marauder x2  
  150  27:25  Orbital Command, Hellion  
  150  27:29  Supply Depot x2  
  152  27:40  Supply Depot  
  152  27:42  Supply Depot  
  152  27:45  Supply Depot  
  152  27:46  Missile Turret x2  
  152  27:53  Supply Depot  
  152  28:02  Hellion x3  
  136  28:09  Marine x3  
  136  28:10  Marauder x2  
  141  28:23  Hellion x3  
  147  28:33  Marauder  
  144  28:37  Marauder x3  
  150  28:41  Liberator x2  
  150  28:45  Liberator  
  150  28:55  Hellion  
  150  28:58  Hellion  
  147  29:03  Hellion  
  147  29:05  Orbital Command  
  130  29:14  Marine x3  
  135  29:17  SCV  
  135  29:19  Hellion, Missile Turret  
  140  29:24  Hellion x2  
  128  29:40  Marauder  
  128  29:41  Hellion  
  128  29:45  Hellion  
  128  29:46  Hellion  
  116  29:53  Marine x2  
  116  29:56  Marine  
  116  29:59  Marine  
  125  30:14  Hellion  
  127  30:19  Hellion, Marauder  
  128  30:28  Marauder  
  128  30:30  Marine x2  
  120  30:49  Marauder  
Show
View Real Time Build Order
Export as new Build Order

Elazer Zerg - Winner!

Build Orders: Hatch First 

Get SALT Encoding   

  12  0:00  Drone  
  13  0:11  Overlord  
  13  0:16  Drone  
  14  0:30  Drone x2  
  16  0:47  Hatchery  
  15  0:50  Drone  
  15  0:54  Drone  
  17  0:57  Drone  
  18  1:08  Extractor  
  17  1:12  Spawning Pool  
  17  1:15  Drone  
  17  1:19  Drone  
  18  1:28  Drone  
  19  1:39  Drone  
  20  1:49  Drone  
  21  1:59  Queen x2  
  26  2:01  Zergling x4  
  27  2:10  Drone  
  28  2:16  Hatchery  
  28  2:21  Overlord  
  27  2:24  Drone  
  27  2:29  Metabolic Boost  
  28  2:35  Drone  
  28  2:39  Queen  
  28  2:43  Drone x2  
  32  2:48  Overlord  
  32  2:51  Drone  
  33  2:55  Drone x2  
  35  3:03  Overlord  
  35  3:04  Drone  
  36  3:08  Drone x3  
  39  3:15  Queen  
  39  3:19  Queen  
  43  3:23  Drone  
  43  3:25  Drone  
  45  3:28  Zergling x4  
  45  3:31  Queen  
  45  3:34  Drone  
  50  3:37  Drone  
  50  3:38  Overlord  
  50  3:39  Drone  
  52  3:42  Drone  
  52  3:43  Drone  
  52  3:47  Drone  
  55  3:48  Drone x2  
  55  3:53  Drone  
  58  3:57  Queen  
  58  4:01  Overlord  
  58  4:02  Drone x3  
  63  4:04  Drone  
  63  4:14  Queen  
  63  4:16  Overlord  
  65  4:21  Zergling x6  
  65  4:22  Zergling x4  
  65  4:24  Lair, Spore Crawler  
  69  4:28  Drone x4  
  73  4:31  Overlord  
  73  4:35  Queen  
  75  4:38  Drone x3  
  75  4:42  Extractor  
  75  4:43  Roach Warren  
  76  4:47  Drone x5  
  76  4:51  Spore Crawler  
  80  4:53  Drone x2  
  80  4:57  Drone x3  
  85  5:02  Overlord  
  85  5:03  Spore Crawler  
  85  5:05  Extractor  
  83  5:07  Extractor  
  83  5:09  Drone x5  
  87  5:15  Overlord  
  87  5:16  Extractor  
  86  5:23  Drone x6  
  86  5:24  Glial Reconstitution  
  92  5:29  Evolution Chamber x2  
  92  5:33  Overlord  
  92  5:35  Hatchery  
  89  5:37  Roach x4  
  89  5:39  Overlord  
  97  5:43  Drone x3  
  97  5:44  Extractor, Drone  
  97  5:48  Roach  
  101  5:50  Overseer  
  101  5:58  Zerg Melee Weapons Level 1, Zerg Ground Armor Level 1  
  101  6:00  Spore Crawler  
  101  6:08  Drone  
  101  6:11  Roach x6  
  113  6:14  Overlord  
  113  6:17  Drone x5  
  118  6:23  Drone x4  
  122  6:34  Infestation Pit  
  122  6:35  Baneling Nest, Overlord  
  122  6:38  Hatchery  
  119  6:43  Roach x4  
  119  6:44  Ravager x3  
  119  6:47  Overlord  
  130  6:50  Overlord  
  130  6:51  Drone x6  
  136  6:56  Drone  
  136  6:57  Ravager  
  138  7:02  Roach x2  
  138  7:03  Roach  
  144  7:09  Overlord x2  
  144  7:11  Overlord  
  142  7:18  Hatchery  
  142  7:19  Drone x4  
  142  7:20  Drone x7  
  142  7:21  Extractor  
  142  7:22  Extractor, Centrifugal Hooks  
  148  7:23  Spore Crawler, Hive  
  147  7:32  Zergling x16  
  155  7:38  Hatchery  
  155  7:45  Zergling x12  
  155  7:48  Overlord  
  155  7:51  Drone  
  162  7:52  Zergling x6  
  162  7:54  Zerg Melee Weapons Level 2, Zerg Ground Armor Level 2  
  162  7:56  Overlord  
  165  8:00  Overlord  
  165  8:05  Zergling x20  
  175  8:16  Zergling x16  
  181  8:24  Baneling x12  
  181  8:25  Baneling x8  
  181  8:27  Zergling x8  
  185  8:35  Adrenal Glands  
  185  8:37  Zergling x12  
  191  8:43  Ultralisk Cavern  
  191  8:44  Burrow  
  190  8:51  Zergling x16  
  190  8:55  Baneling x19  
  197  9:08  Viper  
  199  9:10  Spore Crawler  
  199  9:11  Spore Crawler  
  199  9:14  Drone x4  
  198  9:23  Viper  
  196  9:28  Overseer  
  196  9:35  Chitinous Plating  
  196  9:38  Zergling x6  
  198  9:47  Drone x2  
  198  9:51  Spore Crawler  
  196  9:58  Baneling x2  
  196  9:59  Baneling x15  
  195  10:02  Overlord x3  
  195  10:13  Zerg Ground Armor Level 3, Zerg Melee Weapons Level 3  
  195  10:14  Overseer  
  195  10:15  Pneumatized Carapace, Overseer x2, Hatchery  
  195  10:21  Overseer  
  193  10:27  Baneling x6  
  172  10:50  Ultralisk x3  
  172  10:51  Zergling x2, Swarm Host x2  
  172  10:52  Zergling x20  
  172  10:54  Anabolic Synthesis  
  191  11:07  Zergling x22  
  185  11:20  Zergling x30  
  185  11:24  Spore Crawler  
  185  11:25  Extractor  
  198  11:26  Extractor  
  198  11:29  Drone x3  
  196  11:49  Zergling x10  
  194  11:55  Spine Crawler  
  151  12:11  Zergling x46  
  151  12:12  Zergling x30  
  171  12:23  Ultralisk x5  
  171  12:27  Overseer  
  194  12:33  Baneling x10, Overlord x2  
  194  12:34  Drone x5  
  195  12:48  Overlord x2  
  195  13:02  Zerg Missile Weapons Level 1  
  195  13:06  Spore Crawler  
  195  13:07  Hatchery  
  195  13:09  Zergling x2  
  195  13:10  Zergling x10  
  195  13:11  Baneling x18  
  199  13:19  Hatchery  
  172  13:59  Drone x7  
  172  14:00  Drone x4  
  172  14:01  Drone x3  
  172  14:02  Drone x3  
  181  14:10  Ultralisk Cavern, Hatchery  
  181  14:12  Zergling x14  
  181  14:15  Overseer  
  180  14:25  Queen x3  
  180  14:27  Drone x3  
  180  14:28  Drone x2  
  188  14:38  Infestor x3  
  188  14:39  Infestor x2  
  188  14:44  Baneling x9  
  195  15:07  Zergling x10  
  199  15:16  Spore Crawler  
  192  15:43  Zergling x14  
  192  15:46  Infestor  
  199  16:05  Baneling x14  
  186  16:27  Zergling x32  
  189  16:35  Zergling x20  
  194  17:03  Zergling x2  
  194  17:04  Zergling x8  
  194  17:05  Zerg Missile Weapons Level 2, Spire  
  193  17:09  Drone x3  
  193  17:10  Drone x2  
  193  17:11  Drone x2  
  194  17:28  Drone  
  194  17:29  Drone x4  
  191  17:30  Zergling x2  
  191  17:31  Zergling x16  
  199  17:38  Zergling x10  
  195  17:44  Zergling x2  
  195  17:45  Zergling x8  
  186  17:58  Infestor  
  186  18:05  Hatchery  
  176  18:07  Zergling x18  
  176  18:08  Zergling x2  
  176  18:10  Queen x5  
  194  18:16  Ultralisk  
  184  18:29  Zergling x16  
  170  18:42  Drone x4  
  170  18:45  Queen  
  173  18:52  Corruptor x5  
  183  18:59  Hatchery  
  183  19:00  Infestor  
  182  19:03  Spore Crawler, Corruptor x5  
  182  19:05  Spore Crawler  
  190  19:10  Hatchery  
  190  19:12  Spore Crawler  
  190  19:16  Zergling x2, Ultralisk x2  
  190  19:17  Zergling x6  
  199  19:18  Baneling x6  
  195  19:27  Zergling x10  
  198  19:42  Zergling x6  
  194  19:47  Corruptor x2  
  194  19:48  Corruptor  
  194  19:49  Zergling x6, Baneling x2  
  194  19:50  Zerg Missile Weapons Level 3  
  199  19:56  Hydralisk Den  
  198  20:12  Zergling x12  
  199  20:15  Greater Spire  
  198  20:28  Infestor  
  198  20:35  Extractor  
  197  20:39  Spore Crawler  
  197  20:40  Spore Crawler  
  197  20:42  Viper  
  197  20:51  Infestor  
  169  21:13  Zergling x62  
  189  21:24  Zergling x8  
  189  21:25  Zergling x10  
  187  21:33  Zergling x8  
  183  21:40  Ultralisk x2  
  183  21:43  Zergling x10  
  198  21:53  Ultralisk x3  
  196  21:57  Infestor  
  196  22:05  Infestor  
  196  22:07  Baneling x23  
  196  22:16  Baneling x6  
  196  22:19  Zergling x6  
  199  22:23  Spine Crawler  
  155  22:38  Zergling x40  
  159  22:44  Ultralisk  
  151  22:52  Ultralisk  
  151  22:53  Ultralisk x3  
  175  23:00  Infestor x3  
  181  23:15  Hatchery  
  177  23:32  Baneling  
  177  23:33  Baneling x15  
  174  23:35  Zergling x20  
  182  23:46  Zergling x18  
  157  24:01  Zergling x26  
  160  24:08  Overseer x3  
  144  24:10  Zergling x8  
  141  24:18  Zergling x4  
  141  24:19  Zergling x10  
  148  24:25  Zergling x2  
  148  24:26  Zergling x8  
  153  24:33  Baneling x9  
  153  24:34  Queen  
  153  24:47  Zergling x8  
  153  24:48  Zergling x18  
  161  25:05  Drone x7, Infestor  
  163  25:13  Ultralisk  
  163  25:14  Ultralisk x2  
  134  25:55  Hatchery  
  132  26:06  Drone x3  
  132  26:07  Drone x3  
  138  26:13  Hatchery  
  138  26:14  Infestor  
  138  26:15  Infestor  
  141  26:19  Hatchery  
  141  26:24  Roach x3  
  146  26:29  Roach  
  146  26:31  Roach  
  150  26:47  Ravager x3  
  150  26:48  Infestor x4  
  157  27:10  Ravager x2  
  159  27:18  Zergling x26  
  166  27:35  Queen x4  
  160  28:00  Drone x7  
  160  28:03  Infestor x3  
  156  28:06  Zergling x6  
  156  28:07  Zergling x22  
  161  28:24  Zergling x20  
  170  28:28  Zergling x2  
  170  28:29  Zergling x4  
  158  28:48  Zergling x24  
  160  28:56  Baneling x14  
  139  29:15  Ultralisk x2  
  149  29:18  Zergling x12  
  140  29:44  Zergling x32  
  139  29:54  Infestor  
  143  30:01  Extractor  
  142  30:13  Ultralisk  
  141  30:28  Baneling x12  
  141  30:32  Zergling x2  
  141  30:33  Zergling x12  
  145  30:53  Roach  
  145  30:54  Roach x4  
  153  31:00  Baneling x2  
  153  31:06  Extractor x2  
Tags
 
Add a new tag
Caveats
  • Supply blocks, unpowered buildings, or Contaminate may cause inaccurate times.
  • Supply counts are checked every 10 seconds.